AoeStats
← Doctor

Black Forest

509461034Analyzed
2v2 RM · 4d ago on Sep 26, 2026· 109m 40s· 4 players
Game mode
Random Map
Map size
Medium (4 player)
Population
200
Speed
Normal
Resources
Standard
Victory
Conquest
Starting age
Dark Age
Ending age
Imperial Age
RankedLock teamsTeams togetherTeam positionsShared explorationLock speedFull tech treeHidden civsTurbo modeCheats
Victory
Defeat
🇪🇸 Bohemians · Spain
766
+11
🇪🇸 Vietnamese · Spain
643
+16
🇵🇱 Celts · Poland
654
-14
🇵🇱 Britons · Poland
647
-13
belarusaczka
1:28 Loom
1:39 Loom
20:30 Feudal Age
21:45 Horse Collar
24:05 Wheelbarrow
23:34 Gold Mining
23:35 Stone Mining
24:29 Double-Bit Axe
29:59 Castle Age
28:01 Fletching
28:12 Scale Mail Armor
28:19 Scale Barding Armor
28:16 Padded Archer Armor
28:27 Forging
28:40 Fishing Lines
30:56 Caravan
30:43 Light Cavalry
31:26 Husbandry
32:07 Gillnets
33:41 Hand Cart
34:06 Murder Holes
34:22 Fortified Wall
34:33 Ballistics
34:25 Masonry
38:29 Imperial Age
36:56 Bow Saw
38:19 Bodkin Arrow
38:40 Chain Mail Armor
38:46 Chain Barding Armor
38:41 Leather Archer Armor
39:02 Iron Casting
39:12 Warwolf
39:47 Guilds
41:13 Chemistry
42:34 Plate Mail Armor
43:33 Architecture
48:59 Yeomen
50:47 Elite Longbowman
54:08 Ring Archer Armor
53:39 Bracer
55:18 Heavy Plow
56:27 Two-Man Saw
57:16 Plate Barding Armor
57:42 Blast Furnace
61:20 Cavalier
74:32 Siege Engineers
85:36 Elite Skirmisher
85:46 Cranequins
Doctor
0:55 Loom
16:54 Feudal Age
17:27 Horse Collar
17:37 Double-Bit Axe
17:42 Fishing Lines
19:30 Wheelbarrow
23:59 Castle Age
26:49 Bow Saw
26:43 Heavy Plow
27:41 Fletching
28:30 Gillnets
29:08 Murder Holes
33:21 Imperial Age
31:41 Bodkin Arrow
33:19 Gold Mining
33:24 Stone Mining
34:13 Caravan
35:26 Stone Shaft Mining
35:49 Gold Shaft Mining
36:51 Ballistics
36:51 Forging
36:42 Scale Mail Armor
38:02 Furor Celtica
38:37 Conscription
41:30 Onager
42:36 Light Cavalry
44:58 Siege Onager
50:31 Chemistry
49:52 Chain Mail Armor
51:42 Plate Mail Armor
53:35 Elite Woad Raider
55:30 Iron Casting
57:31 Husbandry
57:43 Siege Engineers
66:46 Blast Furnace
81:00 Stronghold
88:39 Pikeman
Tribamell
0:38 Loom
13:01 Feudal Age
15:06 Arson
15:42 Double-Bit Axe
15:39 Horse Collar
18:45 Wheelbarrow
24:29 Castle Age
23:01 Fletching
25:26 Bodkin Arrow
25:42 Forging
25:32 Scale Mail Armor
26:16 Bow Saw
26:11 Heavy Plow
29:14 Hand Cart
28:56 Town Watch
29:21 Caravan
35:12 Imperial Age
35:04 Chemistry
34:27 Ballistics
34:10 Murder Holes
34:38 Ballistics
37:17 Coinage
37:02 Guilds
39:04 Pikeman
39:44 Squires
40:00 Chain Mail Armor
40:20 Iron Casting
40:39 Iron Casting
41:27 Two-Man Saw
40:41 Elite Hussite Wagon
41:41 Conscription
42:24 Plate Mail Armor
41:55 Bracer
45:03 Blast Furnace
43:32 Houfnice
47:13 Halberdier
50:15 Town Patrol
52:04 Fortified Wall
52:09 Masonry
52:07 Siege Engineers
53:24 Onager
53:32 Onager
78:11 Bombard Tower
78:02 Masonry
77:43 Guard Tower
77:39 Arrowslits
79:35 Man-at-Arms
80:17 Long Swordsman
82:33 Two-Handed Swordsman
83:12 Champion
104:04 Architecture
104:12 Keep
RicoTico
0:40 Loom
13:19 Feudal Age
15:53 Horse Collar
16:23 Double-Bit Axe
19:04 Wheelbarrow
24:02 Castle Age
22:29 Fletching
26:07 Bow Saw
25:50 Gold Mining
26:03 Heavy Plow
28:31 Caravan
29:21 Hand Cart
30:01 Town Watch
31:50 Elite Skirmisher
33:20 Thumb Ring
34:17 Town Patrol
38:12 Imperial Age
35:51 Stone Mining
36:05 Bodkin Arrow
39:14 Paper Money
38:57 Bracer
38:58 Padded Archer Armor
40:01 Chemistry
39:21 Ballistics
39:20 Imperial Skirmisher
41:47 Two-Man Saw
41:34 Crop Rotation
44:17 Treadmill Crane
44:33 Murder Holes
44:43 Siege Engineers
44:56 Leather Archer Armor
44:48 Scale Barding Armor
44:57 Elite Battle Elephant
46:50 Husbandry
47:01 Bloodlines
46:54 Chatras
55:01 Ring Archer Armor
54:53 Chain Barding Armor
54:43 Forging
56:31 Bombard Tower
62:46 Plate Barding Armor
62:46 Iron Casting
Connection lost

Rejoining the realm…

Still unreachable

The connection could not be restored.

Session expired

The server has moved on; the page needs a fresh start.